 Dungeon Crawl Stone Soup version 0.30-a0-591-g3c58d2bc28 (webtiles) character file.

Game seed: 6661457723522938570

5 testman the Conjurer (level 1, -1/10 (12) HPs)
             Began as a Tengu Reaver on Jan 4, 2023.
             Succumbed to a kobold's poison
             ... on level 1 of the Dungeon.
             The game lasted 00:01:05 (117 turns).

testman the Conjurer (Tengu Reaver)                  Turns: 117, Time: 00:01:06

HP:   -1/10 (12)    AC:  3    Str: 12    XL:     1   Next: 80%
MP:   3/4           EV: 11    Int: 13    God:
Gold: 10            SH:  0    Dex: 12    Spells: 3/4 levels left

rFire   . . .      SeeInvis .    a - +0 falchion
rCold   . . .      Faith    .    (no shield)
rNeg    . . .      Spirit   .    b - +0 leather armour
rPois   .          Reflect  .    (helmet restricted)
rElec   .          Harm     .    (no cloak)
rCorr   .          Rampage  .    (no gloves)
Will    .....                    (boots unavailable)
Stlth   +                        (no amulet)
HPRegen 0.21/turn                (no ring)
MPRegen 0.09/turn                (no ring)

@: lethally poisoned (-1 -> -10), heavily drained
A: beak, talons 3
a: no special abilities


You were on level 1 of the Dungeon.
You visited 1 branch of the dungeon, and saw 1 of its levels.

You collected 10 gold pieces.

Inventory:

Hand Weapons
 a - a +0 falchion (weapon)
Armour
 b - a +0 leather armour (worn)
Scrolls
 c - a scroll of identify {unknown}


   Skills:
 + Level 2.1 Fighting
 + Level 3.3 Long Blades
 - Level 2.1 Dodging
 + Level 2.1 Spellcasting
 + Level 4.1 Conjurations


You had 3 spell levels left.
You knew the following spells:

 Your Spells              Type           Power      Damage    Failure   Level
a - Kiss of Death         Conj/Necr      24%        2d7       14%         1

Your spell library contained the following spells:

 Spells                   Type           Power      Damage    Failure   Level
 Momentum Strike          Conj/Tloc      12%        3d8       21%         2
 Hailstorm                Conj/Ice       6%         3d4       38%         3


Dungeon Overview and Level Annotations

Branches:
Dungeon (1/15)

Altars:


Innate Abilities, Weirdness & Mutations

You have a beak for a mouth.
You have claws for feet.


Message History

You see here a +0 robe.
A bat comes into view.
The bat hits you but does no damage.
You miss the bat. The bat hits you but does no damage. The bat misses you.
The bat hits you but does no damage.
You slash the bat!
You kill the bat!
No target in view!
No target in view!
c - a scroll labelled YTAKLI ETOUG A kobold comes into view.
It is wielding a +1 short sword of venom.
The kobold shouts!
The kobold throws a stone.
The stone hits you.
Found 17 gold pieces.
The kobold barely misses you.
You barely miss the kobold.
The kobold hits you with a +1 short sword of venom.
You are poisoned.
You closely miss the kobold. Your kick misses the kobold.
You feel sick.
The kobold hits you with a +1 short sword of venom.
You are lethally poisoned!
You are too injured to fight recklessly!
You are too injured to fight recklessly!
You are too injured to fight recklessly!
Okay, then.
You completely miss the kobold. Your kick misses the kobold.
* * * LOW HITPOINT WARNING * * *
You feel very sick.
The kobold hits you with a +1 short sword of venom.
* * * LOW HITPOINT WARNING * * *
You aren't carrying any potions.
Casting: Kiss of Death (safe; 14% risk of failure)
Confirm with . or Enter, or press ? or * to list all spells.
Aiming: Kiss of Death (safe; 14% risk of failure)
Press: ? - help, Shift-Dir - straight line, f - kobold
Aim: a kobold, wielding a +1 short sword of venom and quivering stones (100% to hit)
The negative energy hits the kobold.
The kobold is drained!
You kill the kobold!
You feel drained.
You die...

#. #.#....##
#.
###.[......
#.
###...#######
##. ##...###
#..###..###
#####.#....##
#.........##
#.........#
#.....@...#
#....)....#
#.........#
#$........#
###########


There were no monsters in sight!

Vanquished Creatures
  A bat (D:1)
  A hobgoblin (D:1)
  A ball python (D:1)
  3 kobolds (D:1)
  A rat (D:1)
7 creatures vanquished.

Notes
Turn   | Place    | Note
-------+----------+-------------------------------------------
     0 | D:1      | testman the Tengu Reaver began the quest for the Orb.
     0 | D:1      | Reached XP level 1. HP: 12/12 MP: 4/4
   117 | D:1      | Succumbed to a kobold's poison

Illustrated notes

Levels and vault maps discovered:
D:1:      lightli_arrival_maybe_door_vault, layout_rooms

Action                   || total
-------------------------++-------
Melee: Falchion          ||    17
       Kick              ||     2
       Peck              ||     2
 Cast: Kiss of Death     ||     1
Armor: Leather armour    ||     6
Dodge: Dodged            ||     4

Table legend: (Time is in decaauts)
 A = Elapsed time spent in this place.
 B = Non-inter-level travel time spent in this place.
 C = Inter-level travel time spent in this place.
 D = Time resting spent in this place.
 E = Time spent auto-exploring this place.
 F = Levels seen in this place.
 G = Mean time per level.
                   A        B        C        D        E       F      G
               +--------+--------+--------+--------+--------+-----+--------+
         Total |    119 |    119 |      0 |      0 |     71 |   1 |  119.0 |
       Dungeon |    119 |    119 |      0 |      0 |     71 |   1 |  119.0 |
               +--------+--------+--------+--------+--------+-----+--------+

Top non-repeatable levels by time:
     D:1: 119 daAuts
